 Dungeon Crawl Stone Soup version 0.29.0-15-g675c0067aa (webtiles) character file.

Game seed: 16841524134589188018

2291 qw the Blocker (level 9, 0/54 HPs)
             Began as a Gargoyle Fighter on Sept 12, 2022.
             Was an Initiate of Okawaru.
             Slain by a wight
             ... wielding a +3 halberd
              (8 damage)
             ... on level 7 of the Dungeon.
             The game lasted 00:02:37 (6789 turns).

qw the Blocker (Gargoyle Fighter)                   Turns: 6789, Time: 00:02:37

Health: 0/54       AC: 16    Str: 24    XL:     9   Next: 40%
Magic:  9/9        EV:  5    Int:  7    God:    Okawaru [......]
Gold:   325        SH: 16    Dex: 13    Spells: 8/8 levels left

rFire   . . .      SeeInvis .   Y - +4 war axe
rCold   . . .      Faith    .   i - +0 tower shield
rNeg    + . .      Spirit   .   c - +0 chain mail
rPois   inf        Reflect  .   h - +0 helmet
rElec   +          Harm     .   m - scarf {repulsion}
rCorr   .          Rampage  .   (no gloves)
Will    .....                   (no boots)
Stlth   ..........              j - amulet of the acrobat
HPRegen 0.18/turn               (no ring)
MPRegen 0.11/turn               (no ring)

@: repel missiles
A: sickness immunity, AC +6, negative energy resistance 1, electricity
resistance, torment resistance 1, petrification resistance, agile 1, mutation
resistance 1
a: Renounce Religion


You were on level 7 of the Dungeon.
You worshipped Okawaru.
Okawaru was noncommittal.
You visited 2 branches of the dungeon, and saw 8 of its levels.

You collected 325 gold pieces.


Innate Abilities, Weirdness & Mutations

You are immune to sickness and miasma.
Your stone body is resilient. (AC +6)
You are immune to poison.
You resist negative energy. (rN+)
You are resistant to electric shocks. (rElec)
You are resistant to unholy torment.
You are immune to petrification.
You are agile. (Dex +4, Str/Int -1)
You are somewhat resistant to further mutation.


   Skills:
 - Level 5.1 Fighting
 - Level 7.2 Axes
 + Level 0.0 Throwing
 - Level 3.2 Armour
 - Level 1.4 Dodging
 - Level 10.0 Shields


You had 8 spell levels left.
You didn't know any spells.
Your spell library was empty.

Inventory:

Hand Weapons
 e - a +0 morningstar
 Y - a +4 war axe (weapon)
Missiles
 f - 2 boomerangs (quivered)
Armour
 c - a +0 chain mail (worn)
 h - a +0 helmet (worn)
 i - a +0 tower shield (worn)
 m - a scarf of repulsion (worn)
 n - a +0 cloak
Jewellery
 j - an amulet of the acrobat (around neck)
Scrolls
 k - 2 scrolls of identify
 r - a scroll of blinking
Potions
 a - a potion of attraction
 b - a potion of cancellation
 d - 5 potions of might
 g - 2 potions of haste
 o - a potion of lignification
 p - 2 potions of brilliance {unknown}
 s - a potion of mutation

Dungeon Overview and Level Annotations

Branches:
Dungeon (7/15)             Temple (1/1) D:6

Altars:
Ashenzari
Cheibriados
Dithmenos
Elyvilon
Fedhas
Gozag
Kikubaaqudgha
Makhleb
Nemelex Xobeh
Okawaru
Qazlal
Ru
Sif Muna
Trog
Uskayaw
Vehumet
Wu Jian
Xom
Yredelemnul
Zin
The Shining One

Shops:
D:1 (

Annotations:
D:5 1 runed translucent door, Crazy Yiuf
D:6 2 transporters


Message History

The wight hits you from afar with a +3 halberd.
The wight hits you but does no damage.
You hit something.
The wight hits you from afar with a +3 halberd.
The wight hits you from afar with a +2 spear.
Something hits you but does no damage.
You bump into the rock wall.
You feel less confused.
You hear some strange, mumbled words.
A puff of flame appears from out of thin air!
The puff of flame is repelled.
The wight hits you but does no damage.
The wight hits you from afar with a +2 spear.
You miss something. Something hits you but does no damage.
The wight hits you from afar with a +3 halberd.
You block the wight's attack.
You hear some strange, mumbled words.
A magic dart appears from out of thin air!
The magic dart hits you. The wight barely misses you.
You block the wight's attack.
You hit something. Okawaru accepts your kill.
Reactivating autopickup.
You feel a bit more experienced. You block the wight's attack.
The wight barely misses you.
Your Fighting skill increases to level 5!
You block the wight's attack. The wight hits you with a +3 halberd!
Items here: % )) [.
You hit the wight but do no damage. You barely miss the wight.
You block the wight's attack. The wight hits you with a +3 halberd.
You block the wight's attack. The wight hits you with a +2 spear.
You hit the wight.
The wight is moderately damaged.
You slash the wight! You block the wight's attack. x2
You closely miss the wight.
The wight is heavily damaged.
You closely miss the wight. The wight hits you but does no damage.
The wight hits you with a +3 halberd!
You die...

.........########.)...#..#
.........# #.....#...
.........# #.....#..#
.........# #.....#
.........# #.....+
........)# #..)..#
.........########.....#
..####............
#...)@.......
#.$..zz......
#...........#
....#####'##### ..... ...
..... .... ..... ....# ...
...# #+#### #.....


You could see 2 wights.

Vanquished Creatures
  A troll (D:7)
  Eustachio (D:6)
  Edmund (D:4)
  Menkaure (D:7)
  An ice beast (D:6)
  A sky beast (D:7)
  An ogre (D:6)
  A phantom (D:6)
  5 scorpions
  5 wights
  A howler monkey (D:5)
  4 hounds
  5 orc priests
  3 orc wizards
  Natasha (thrice) (D:3)
  3 iguanas
  4 gnolls (D:3)
  3 adders
  A shadow imp (D:5)
  A white imp (D:7)
  An ufetubus (D:5)
  2 worms
  3 dart slugs
  25 orcs
  6 ball pythons
  8 bats
  13 endoplasms
  6 giant cockroaches
  14 goblins
  8 hobgoblins
  13 jackals
  5 quokkas
  A frilled lizard (D:2)
  8 kobolds
  4 rats
163 creatures vanquished.

Vanquished Creatures (collateral kills)
  An oklob sapling (D:6)
1 creature vanquished.

Vanquished Creatures (others)
  33 plants
33 creatures vanquished.

Grand Total: 197 creatures vanquished

Notes
Turn   | Place    | Note
-------+----------+-------------------------------------------
     0 | D:1      | qw the Gargoyle Fighter began the quest for the Orb.
     0 | D:1      | Reached XP level 1. HP: 14/14 MP: 1/1
     0 | D:1      | 0 ||| qw: Version: 0.1-a-119-g272c26d
     0 | D:1      | 0 ||| qw: Game counter: 10974
     0 | D:1      | 0 ||| qw: Always use a shield: true
     0 | D:1      | 0 ||| qw: God list: Okawaru
     0 | D:1      | 0 ||| qw: Allow faded altars: false
     0 | D:1      | 0 ||| qw: Do Orc after D:15 true
     0 | D:1      | 0 ||| qw: Do second Lair branch before Depths: true
     0 | D:1      | 0 ||| qw: Lair rune preference: random
     0 | D:1      | 0 ||| qw: Plans: Normal, Zot, God:TSO, Crypt, Tomb, Pan,
                  | Slime, Hells, Zig, Abyss, Orb
     0 | D:1      | 0 ||| PLANNING D:1-11
    40 | D:1      | Reached XP level 2. HP: 10/19 MP: 2/2
   654 | D:1      | Reached skill level 3 in Axes
   675 | D:1      | Reached XP level 3. HP: 23/23 MP: 3/3
   753 | D:1      | Found Boucsam's Antique Weapon Emporium.
   765 | D:1      | 765 ||| SHOPLISTING whip (62 gold, have 47).
   937 | D:1      | Found a faded altar of an unknown god.
  1265 | D:1      | 1265 ||| UPGRADING to +0 helmet.
  1270 | D:1      | 1270 ||| DROPPING amulet of faith.
  1271 | D:1      | 1271 ||| READING scroll labelled GELURU KIKKU.
  1272 | D:1      | 1272 ||| READING 3 scrolls labelled ZICLEICKEPIU.
  1273 | D:1      | 1273 ||| READING scroll labelled ORAUHE EXEAG.
  1274 | D:1      | 1274 ||| READING scroll labelled ETEOCUO SUGI.
  1275 | D:1      | 1275 ||| READING scroll labelled GIME SAECLE.
  1276 | D:1      | 1276 ||| READING 2 scrolls of identify.
  1276 | D:1      | 1276 ||| IDENTIFYING fuming cyan potion
  1277 | D:1      | 1277 ||| DROPPING potion of ambrosia.
  1325 | D:2      | 1325 ||| Stepping ~*~*~tactically~*~*~ (stealth).
  1407 | D:2      | 1407 ||| DROPPING +0 club.
  1585 | D:2      | 1585 ||| READING scroll of enchant weapon.
  1585 | D:2      | 1585 ||| ENCHANTING +1 war axe.
  1694 | D:2      | Reached XP level 4. HP: 27/28 MP: 4/4
  1814 | D:2      | 1814 ||| UPGRADING to +0 tower shield.
  1824 | D:2      | 1824 ||| DROPPING +0 buckler.
  1825 | D:2      | 1825 ||| READING scroll labelled YTI UFEDODEG.
  1826 | D:2      | 1826 ||| DRINKING 2 silvery potions.
  1827 | D:2      | 1827 ||| READING 2 scrolls of identify.
  1827 | D:2      | 1827 ||| IDENTIFYING emerald potion
  1828 | D:2      | 1828 ||| DROPPING potion of magic.
  1837 | D:3      | Found a shadowy altar of Dithmenos.
  1842 | D:3      | 1842 ||| STAIRDANCE
  1854 | D:3      | 1854 ||| STAIRDANCE
  2003 | D:3      | Noticed Natasha
  2004 | D:3      | 2004 ||| Stepping ~*~*~tactically~*~*~ (hiding).
  2011 | D:3      | Killed Natasha
  2012 | D:3      | Reached skill level 4 in Shields
  2012 | D:3      | Reached XP level 5. HP: 26/32 MP: 5/5
  2120 | D:3      | Found a sparkling altar of Nemelex Xobeh.
  2189 | D:3      | 2189 ||| DROPPING +0 whip.
  2283 | D:3      | 2283 ||| Stepping ~*~*~tactically~*~*~ (stealth).
  2359 | D:3      | 2359 ||| Stepping ~*~*~tactically~*~*~ (stealth).
  2431 | D:3      | 2431 ||| Stepping ~*~*~tactically~*~*~ (stealth).
  2434 | D:3      | Noticed Natasha
  2435 | D:3      | 2435 ||| Stepping ~*~*~tactically~*~*~ (hiding).
  2441 | D:3      | Killed Natasha
  2442 | D:3      | Reached skill level 5 in Shields
  2546 | D:3      | 2546 ||| FLEEEEING.
  2684 | D:3      | 2684 ||| FLEEEEING.
  2685 | D:3      | 2685 ||| FLEEEEING.
  2687 | D:3      | 2687 ||| FLEEEEING.
  2688 | D:3      | 2688 ||| FLEEEEING.
  2689 | D:3      | 2689 ||| FLEEEEING.
  2690 | D:3      | 2690 ||| FLEEEEING.
  2691 | D:3      | 2691 ||| FLEEEEING.
  2692 | D:3      | 2692 ||| FLEEEEING.
  2693 | D:3      | 2693 ||| FLEEEEING.
  2695 | D:3      | 2695 ||| FLEEEEING.
  2696 | D:3      | 2696 ||| STAIRDANCE
  2729 | D:2      | 2729 ||| UPGRADING to +0 chain mail.
  2739 | D:2      | 2739 ||| DROPPING +0 scale mail.
  2740 | D:2      | 2740 ||| READING scroll labelled XETESHRU RETA.
  2741 | D:2      | 2741 ||| DRINKING 2 purple potions.
  2747 | D:3      | 2747 ||| STAIRDANCE
  2904 | D:3      | Noticed Natasha
  2905 | D:3      | 2905 ||| Stepping ~*~*~tactically~*~*~ (stealth).
  2906 | D:3      | 2906 ||| Stepping ~*~*~tactically~*~*~ (stealth).
  2917 | D:3      | Killed Natasha
  2918 | D:3      | Reached XP level 6. HP: 29/37 MP: 6/6
  3124 | D:4      | 3124 ||| Stepping ~*~*~tactically~*~*~ (stealth).
  3225 | D:4      | 3225 ||| Stepping ~*~*~tactically~*~*~ (stealth).
  3237 | D:4      | Noticed Edmund
  3238 | D:4      | 3238 ||| Stepping ~*~*~tactically~*~*~ (stealth).
  3250 | D:4      | HP: 9/37 [Edmund/+4 vorpal flail (2)]
  3253 | D:4      | Killed Edmund
  3254 | D:4      | Reached skill level 6 in Shields
  3525 | D:4      | Reached skill level 7 in Shields
  3579 | D:4      | Reached XP level 7. HP: 34/41 MP: 7/7
  3669 | D:4      | 3669 ||| FLEEEEING.
  3670 | D:4      | 3670 ||| STAIRDANCE
  3726 | D:4      | 3726 ||| READING scroll of enchant weapon.
  3726 | D:4      | 3726 ||| ENCHANTING +2 war axe.
  3900 | D:4      | 3900 ||| Stepping ~*~*~tactically~*~*~ (hiding).
  3903 | D:4      | 3903 ||| Stepping ~*~*~tactically~*~*~ (hiding).
  3972 | D:4      | 3972 ||| Stepping ~*~*~tactically~*~*~ (stealth).
  3977 | D:4      | 3977 ||| Stepping ~*~*~tactically~*~*~ (stealth).
  3979 | D:4      | 3979 ||| Stepping ~*~*~tactically~*~*~ (hiding).
  3985 | D:4      | Reached skill level 8 in Shields
  4068 | D:4      | 4068 ||| Stepping ~*~*~tactically~*~*~ (stealth).
  4092 | D:4      | 4092 ||| Stepping ~*~*~tactically~*~*~ (stealth).
  4222 | D:4      | 4222 ||| UPGRADING to scarf of repulsion.
  4234 | D:5      | Entered Level 5 of the Dungeon
  4288 | D:5      | 4288 ||| Stepping ~*~*~tactically~*~*~ (stealth).
  4478 | D:5      | 4478 ||| Stepping ~*~*~tactically~*~*~ (stealth).
  4488 | D:5      | Reached XP level 8. HP: 42/46 MP: 8/8
  4513 | D:5      | 4513 ||| Stepping ~*~*~tactically~*~*~ (stealth).
  4651 | D:5      | 4651 ||| Stepping ~*~*~tactically~*~*~ (hiding).
  4739 | D:5      | 4739 ||| Stepping ~*~*~tactically~*~*~ (hiding).
  4817 | D:5      | Found a runed translucent door.
  4818 | D:5      | Noticed Crazy Yiuf
  5121 | D:5      | 5121 ||| DROPPING scarf of shadows.
  5122 | D:5      | 5122 ||| READING scroll labelled TOBBEC NULOZUM.
  5123 | D:5      | 5123 ||| DRINKING 2 viscous dark potions.
  5123 | D:5      | Gained mutation: You are occasionally teleported next to
                  | monsters. [potion of mutation]
  5123 | D:5      | Gained mutation: You are partially covered in iridescent
                  | scales. (AC +2) [potion of mutation]
  5124 | D:5      | 5124 ||| DRINKING potion of mutation.
  5124 | D:5      | Lost mutation: You are partially covered in iridescent
                  | scales. (AC +2) [potion of mutation]
  5124 | D:5      | Lost mutation: You are occasionally teleported next to
                  | monsters. [potion of mutation]
  5124 | D:5      | Gained mutation: You are agile. (Dex +4, Str/Int -1)
                  | [potion of mutation]
  5124 | D:5      | Gained mutation: You are somewhat resistant to further
                  | mutation. [potion of mutation]
  5125 | D:5      | 5125 ||| DRINKING 2 dark potions.
  5126 | D:5      | 5126 ||| READING 3 scrolls of identify.
  5126 | D:5      | 5126 ||| IDENTIFYING viscous amethyst potion
  5127 | D:5      | 5127 ||| READING 2 scrolls of identify.
  5127 | D:5      | 5127 ||| IDENTIFYING fuming pink potion
  5174 | D:6      | Reached skill level 1 in Dodging
  5178 | D:6      | Reached skill level 9 in Shields
  5187 | D:6      | 5187 ||| FLEEEEING.
  5188 | D:6      | 5188 ||| FLEEEEING.
  5189 | D:6      | 5189 ||| STAIRDANCE
  5406 | D:6      | 5406 ||| READING scroll of enchant weapon.
  5406 | D:6      | 5406 ||| ENCHANTING +3 war axe.
  5412 | D:6      | Found a transporter.
  5414 | D:6      | Noticed Eustachio
  5434 | D:6      | Killed Eustachio
  5514 | D:6      | Found a staircase to the Ecumenical Temple.
  5515 | D:6      | 5515 ||| PLANNING TEMPLE
  5515 | D:6      | 5515 ||| FLEEEEING.
  5525 | D:6      | 5525 ||| READING scroll labelled DUJ AS GIE.
  5598 | D:6      | 5598 ||| Stepping ~*~*~tactically~*~*~ (stealth).
  5599 | D:6      | 5599 ||| Stepping ~*~*~tactically~*~*~ (stealth).
  5745 | D:6      | 5745 ||| Stepping ~*~*~tactically~*~*~ (hiding).
  5751 | D:6      | Reached skill level 6 in Axes
  5754 | D:6      | 5754 ||| Stepping ~*~*~tactically~*~*~ (hiding).
  5769 | D:6      | 5769 ||| UPGRADING to amulet of the acrobat.
  5797 | Temple   | Entered the Ecumenical Temple
  5939 | Temple   | 5939 ||| PLANNING D:1-11
  5945 | Temple   | Became a worshipper of Warmaster Okawaru
  5982 | D:6      | Reached XP level 9. HP: 52/52 MP: 9/9
  5988 | D:6      | Reached skill level 10 in Shields
  6059 | D:6      | Found a glowing golden altar of the Shining One.
  6258 | D:6      | Found a transporter.
  6294 | D:6      | 6294 ||| READING scroll labelled LORADGH TEDWETAW.
  6295 | D:6      | 6295 ||| READING scroll labelled XUEREE KUGEAR.
  6318 | D:7      | Noticed Menkaure
  6329 | D:7      | Killed Menkaure
  6346 | D:7      | 6346 ||| FLEEEEING.
  6347 | D:7      | 6347 ||| FLEEEEING.
  6348 | D:7      | 6348 ||| FLEEEEING.
  6349 | D:7      | 6349 ||| FLEEEEING.
  6356 | D:7      | 6356 ||| STAIRDANCE
  6431 | D:7      | 6431 ||| Stepping ~*~*~tactically~*~*~ (stealth).
  6462 | D:7      | Found a basalt altar of Yredelemnul.
  6471 | D:7      | Found a shimmering blue altar of Sif Muna.
  6582 | D:7      | 6582 ||| Stepping ~*~*~tactically~*~*~ (stealth).
  6641 | D:7      | Noticed a troll
  6649 | D:7      | Killed a troll
  6758 | D:7      | 6758 ||| Stepping ~*~*~tactically~*~*~ (stealth).
  6761 | D:7      | 6761 ||| Stepping ~*~*~tactically~*~*~ (stealth).
  6763 | D:7      | 6763 ||| Stepping ~*~*~tactically~*~*~ (stealth).
  6776 | D:7      | HP: 13/52 [wight/+3 halberd (4)]
  6777 | D:7      | 6777 ||| DRINKING 2 potions of heal wounds.
  6781 | D:7      | 6781 ||| DRINKING potion of heal wounds.
  6786 | D:7      | HP: 13/54 [wight/+3 halberd (11)]
  6789 | D:7      | Slain by a wight

Levels and vault maps discovered:
D:1:      dpeg_chamrin_arrival_tetris, layout_basic,
          ebering_ecumenical_altar_mist, serial_shops,
          nicolae_shop_overgrown_old_shop
D:2:      layout_basic
D:3:      layout_loops_cross, grunt_dithmenos_smoke,
          mainiacjoe_overflow_six_doors_small, nicolae_grassy_gnolls,
          uniq_natasha
D:4:      layout_cave_pools, st_stairs_11, uniq_edmund
D:5:      layout_loops_ring, uniq_crazy_yiuf_cottage
D:6:      gammafunk_steamed_eel, layout_basic, tso_altar,
          minmay_temple_entry_oklob, wad_floor_pattern_untrapped, uniq_eustachio
D:7:      layout_gridville, old_standard_altar,
          mainiacjoe_overflow_catwalk_spiral, uniq_menkaure
Temple:   regret_index_temple_sphere_string

Skill      XL: |  1  2  3  4  5  6  7  8  9 |
---------------+----------------------------+-----
Axes           | 2 3 4 5 6 7 |  7.2
Shields        | 4 5 7 8 9 10 | 10.0
Dodging        | 1 |  1.4
Fighting       | 4 5 |  5.1
Armour         | |  3.2

Action                   |  1- 3 |  4- 6 |  7- 9 || total
-------------------------+-------+-------+-------++-------
Melee: War axe           |   104 |   124 |   237 ||   465
Throw: Boomerang         |       |       |    54 ||    54
  Use: Scroll            |     7 |     3 |     8 ||    18
       Potion            |       |     2 |     5 ||     7
Armor: Scale mail        |    60 |    29 |       ||    89
       Chain mail        |       |    19 |   143 ||   162
Dodge: Dodged            |    57 |    24 |    40 ||   121
       Repelled          |       |       |     1 ||     1
Block: Buckler           |    28 |     3 |       ||    31
       Tower shield      |       |    89 |   230 ||   319

Table legend:
 A = Non-vault XP
 B = Vault XP
 C = Vault XP percentage of total XP
 D = Non-vault monster count
 E = Vault monster count
 F = Vault count percentage of total count
                 A         B        C        D         E       F
            +---------+---------+-------+---------+---------+-------
      Total |    2610 |     663 |  20.3 |     152 |      12 |   7.3
            +---------+---------+-------+---------+---------+-------
        D:1 |      46 |       0 |   0.0 |      25 |       0 |   0.0
        D:2 |      77 |       0 |   0.0 |      21 |       0 |   0.0
        D:3 |     121 |      91 |  42.9 |      22 |       5 |  18.5
        D:4 |     504 |     164 |  24.6 |      26 |       4 |  13.3
        D:5 |     397 |       0 |   0.0 |      22 |       0 |   0.0
        D:6 |     865 |     251 |  22.5 |      19 |       2 |   9.5
        D:7 |     600 |     157 |  20.7 |      17 |       1 |   5.6
            +---------+---------+-------+---------+---------+-------
